 Dungeon Crawl Stone Soup version 0.25.1-2-g60ff931df9 (webtiles) character file.

Game seed: 15190646621619102602

276 Erymatos the Chopper (level 6, 0/56 HPs)
             Began as a Minotaur Berserker on Oct 31, 2020.
             Was a Priest of Trog.
             Slain by Menkaure (13 damage)
             ... on level 4 of the Dungeon.
             The game lasted 00:04:35 (2656 turns).

Erymatos the Chopper (Minotaur Berserker)           Turns: 2656, Time: 00:04:36

Health: 0/56       AC:  7    Str: 24    XL:     6   Next: 4%
Magic:  5/5        EV:  8    Int:  4    God:    Trog [***...]
Gold:   183        SH:  8    Dex:  9    Spells: 5/5 levels left

rFire    . . .     SeeInvis .   a - +0 hand axe
rCold    . . .     Gourm    .   t - +0 kite shield
rNeg     . . .     Faith    .   g - +0 scale mail
rPois    .         Spirit   .   (helmet restricted)
rElec    .         Reflect  .   l - +0 cloak
rCorr    .         Harm     .   (no gloves)
MR       .....                  (no boots)
Stlth    ..........             (no amulet)
HPRegen  0.18/turn              i - +4 ring of slaying
MPRegen  0.09/turn              (no ring)

@: berserk cooldown, slowed, very slow
A: retaliatory headbutt, horns 2
a: Berserk, Trog's Hand, Renounce Religion


You were on level 4 of the Dungeon.
You worshipped Trog.
Trog was most pleased with you.
You were very hungry.

You visited 1 branch of the dungeon, and saw 4 of its levels.

You collected 183 gold pieces.

Inventory:

Hand Weapons
 a - a +0 hand axe (weapon)
Armour
 b - a +0 animal skin
 g - a +0 scale mail (worn)
 l - a +0 cloak (worn)
 t - a +0 kite shield (worn)
Jewellery
 i - a +4 ring of slaying (left hand)
Wands
 w - a wand of polymorph (7)
Scrolls
 d - 5 scrolls of identify {unknown}
 f - 3 scrolls of teleportation {unknown}
 j - a scroll of fear {unknown}
 k - 2 scrolls of enchant weapon {unknown}
 n - a scroll of magic mapping {unknown}
 s - a scroll of noise {unknown}
 v - a scroll of fog {unknown}
Potions
 e - 3 potions of curing {unknown}
 h - 2 potions of magic {unknown}
 m - a potion of lignification {unknown}
 o - a potion of mutation {unknown}
 p - 2 potions of heal wounds {unknown}
 q - a potion of stabbing {unknown}
 r - a potion of might {unknown}
 u - 2 potions of degeneration {unknown}
Comestibles
 c - 7 rations


   Skills:
 + Level 5.2 Fighting
 * Level 6.1 Axes
 + Level 3.0 Armour
 + Level 3.3 Dodging
 - Level 0.1 Stealth
 * Level 1.4 Shields


You had 5 spell levels left.
You didn't know any spells.
Your spell library was empty.

Dungeon Overview and Level Annotations

Branches:
Dungeon (4/15)
 Temple: D:4-7

Altars:
Nemelex Xobeh
Wu Jian
Xom
Yredelemnul

Annotations:
D:4 Menkaure


Innate Abilities, Weirdness & Mutations

You reflexively headbutt those who attack you in melee.
You have a pair of horns on your head.


Message History

Menkaure barely misses you.
Unknown command.
You slash Menkaure! Your headbutt misses Menkaure.
Menkaure is severely damaged.
You block Menkaure's attack.
Menkaure casts a spell.
Menkaure seems to speed up.
You hit Menkaure.
Menkaure is severely damaged.
Menkaure calls on the powers of darkness!
Your body is wracked with pain!
* * * LOW HITPOINT WARNING * * *
Menkaure points at you and mumbles some strange words.
Pain shoots through your body!
* * * LOW HITPOINT WARNING * * *
You hit Menkaure.
Menkaure is almost destroyed.
Menkaure grins.
Menkaure hits you!
You die...

.. ?.........
.##.............##
..... ............
...... ...........
....!.##..........
.......#..........
#......=.>.......
#.##.##).........
# #<.@M...#
#)<...#..#
#......## $
#..##..# ...# ##.#
###. .. #. ... .
.... ....


You could see Menkaure (fast).

Vanquished Creatures
  An orc priest (D:3)
  A hound (D:4)
  A gnoll shaman (D:4)
  An orc wizard (D:2)
  A worker ant (D:4)
  4 gnolls (D:4)
  An adder (D:3)
  An adder skeleton (D:4)
  2 dart slugs
  2 leopard geckos (D:3)
  6 orcs
  2 ball pythons (D:2)
  2 giant cockroaches (D:2)
  4 goblins
  11 hobgoblins
  10 kobolds
  14 bats
  3 frilled lizards
  A quokka skeleton (D:4)
  11 rats
79 creatures vanquished.

Notes
Turn   | Place    | Note
-------+----------+-------------------------------------------
     0 | D:1      | Erymatos the Minotaur Berserker began the quest for the
                  | Orb.
     0 | D:1      | Reached XP level 1. HP: 19/19 MP: 0/0
   275 | D:1      | Reached XP level 2. HP: 27/27 MP: 1/1
   298 | D:1      | Reached skill level 4 in Axes
  1014 | D:2      | Reached ** piety under Trog
  1014 | D:2      | Reached XP level 3. HP: 33/33 MP: 2/2
  1182 | D:2      | Reached XP level 4. HP: 41/41 MP: 3/3
  1218 | D:2      | Found an ornate altar of the Wu Jian Council.
  1647 | D:3      | Found a sparkling altar of Nemelex Xobeh.
  1724 | D:3      | HP: 1/61 [orc priest/divine providence (14)]
  1725 | D:3      | Reached skill level 5 in Axes
  2227 | D:3      | Found a basalt altar of Yredelemnul.
  2227 | D:3      | Found a shimmering altar of Xom.
  2300 | D:3      | Reached XP level 5. HP: 38/47 MP: 4/4
  2394 | D:3      | Reached *** piety under Trog
  2626 | D:4      | Reached skill level 5 in Fighting
  2626 | D:4      | Reached skill level 1 in Shields
  2639 | D:4      | Reached skill level 6 in Axes
  2648 | D:4      | Noticed Menkaure
  2649 | D:4      | Reached XP level 6. HP: 50/56 MP: 5/5
  2656 | D:4      | Slain by Menkaure

Illustrated notes

Levels and vault maps discovered:
D:1:      matt_arrival_los_fun, layout_basic, serial_corexii_hall,
          chequers_hall_statues_corner_a, corexii_hall_statues_deadend,
          minmay_pentomino_u4
D:2:      layout_rooms, nicolae_overflow_crystal_walls, first_ration
D:3:      layout_basic, nemelex_xobeh_ov_fountains_minmay,
          gammafunk_temple_overflow_elements, st_stairs_11
D:4:      layout_cave_pools, elyvilon_altar_5, uniq_menkaure

Skill      XL: |  1  2  3  4  5 |
---------------+----------------+-----
Axes           | 4 5 6 |  6.1
Fighting       | 4 5 |  5.2
Dodging        | 3 |  3.3
Shields        | 1 |  1.4
Armour         | 3 |  3.0
Stealth        | |  0.1

Action                   |  1- 3 |  4- 6 || total
-------------------------+-------+-------++-------
Melee: Hand axe          |    44 |    74 ||   118
       Headbutt          |     7 |    12 ||    19
Invok: Berserk           |     1 |     2 ||     3
  Eat: Chunk             |     2 |     5 ||     7
Armor: Animal skin       |     9 |       ||     9
       Scale mail        |     3 |    38 ||    41
Dodge: Dodged            |    21 |    39 ||    60
Block: Kite shield       |       |    13 ||    13
